 Dungeon Crawl Stone Soup version 0.17.0-23-g0de4337 (webtiles) character file.

97 JudasIscariot the Sneak (level 4, -2/23 HPs)
             Began as a Vine Stalker Assassin on Nov 14, 2015.
             Slain by an iguana (3 damage)
             ... on level 4 of the Dungeon.
             The game lasted 00:07:20 (2447 turns).

JudasIscariot the Sneak (Vine Stalker Assassin)     Turns: 2447, Time: 00:07:21

Health: -2/23      AC:  5    Str: 13    XL:     4   Next: 68%
Magic:  0/5        EV: 12    Int: 11    God:
Gold:   170        SH:  0    Dex: 17    Spells: 0 memorised, 3 levels left

rFire  . . .     SeeInvis .     a - +2 dagger
rCold  . . .     Clarity  .     n - +0 leather armour
rNeg   . . .     SustAt   .     (no shield)
rPois  .         Gourm    .     (no helmet)
rElec  .         Spirit   +     d - +0 cloak
rCorr  .         Warding  .     (no gloves)
rMut   .         Stasis   .     s - +0 pair of boots
MR     .....                    (no amulet)
Stlth  +++.......               (no ring)
                                (no ring)

@: not resistant to hostile enchantments, fairly stealthy
A: fangs 2, regeneration 1, magic shield, antimagic bite, no device heal 3, rot
immunity
a: no special abilities


You were on level 4 of the Dungeon.
You were hungry.

You visited 1 branch of the dungeon, and saw 4 of its levels.

You collected 170 gold pieces.

Inventory:

Hand Weapons
 a - a +2 dagger (weapon)
 b - a +0 blowgun
Missiles
 e - 8 poisoned needles (quivered)
 f - 2 curare-tipped needles
Armour
 c - a +0 robe
 d - a +0 cloak (worn)
 n - a +0 leather armour (worn)
 s - a +0 pair of boots (worn)
Scrolls
 i - a scroll of random uselessness {unknown}
 o - a scroll of remove curse {unknown}
 p - a scroll of noise {unknown}
 v - a scroll of magic mapping {unknown}
 w - a scroll of identify {unknown}
Potions
 h - 2 potions of magic {unknown}
 j - a potion of lignification {unknown}
 k - a potion of might {unknown}
 l - a potion of beneficial mutation {unknown}
 m - 3 potions of curing {unknown}
 q - a potion of degeneration {unknown}
 r - a potion of brilliance {unknown}
 t - 2 potions of flight {unknown}
 u - a potion of mutation {unknown}
Books
 y - a book of Dreams

   Spells                             Type                      Level
   a - Ensorcelled Hibernation        Hexes/Ice                    2
   b - Phase Shift                    Translocation                5
   c - Shadow Creatures               Summoning                    5
   d - Silence                        Hexes/Air                    5
   e - Darkness                       Hexes                        6
   f - Mass Confusion                 Hexes                        6
Comestibles
 g - 3 bread rations
 x - 3 fruits
 z - a meat ration


   Skills:
 * Level 2.0 Fighting
 * Level 2.4 Short Blades
 + Level 1.7 Throwing
 + Level 0.2 Armour
 * Level 1.8 Dodging
 * Level 6.1 Stealth


You had 3 spell levels left.
You didn't know any spells.

Dungeon Overview and Level Annotations

Branches:
Dungeon (4/15)
 Temple: D:4-7

Altars:


Innate Abilities, Weirdness & Mutations

You have extremely sharp teeth.
Your natural rate of healing is unusually fast.
When hurt, damage is shared between your health and your magic reserves.
Your bite disrupts and absorbs the magic of your enemies.
Potions and wands cannot restore your health.
You are immune to rotting.


Message History

You hit the iguana but do no damage.
The iguana is lightly wounded.
The giant newt bites you but does no damage.
You hit the iguana. Your bite misses the iguana.
The iguana is moderately wounded.
The iguana bites you but does no damage.
The giant newt barely misses you.
You hit the iguana but do no damage.
The iguana is moderately wounded.
The iguana bites you!
* * * LOW HITPOINT WARNING * * *
You hit the iguana. You bite the iguana. You drain its power.
You feel invigorated.
The iguana is severely wounded.
The giant newt misses you.
The iguana bites you but does no damage.
You hit the iguana. You bite the iguana, but do no damage.
The iguana is severely wounded.
The giant newt closely misses you. The iguana bites you.
You die...

##...###... #.....#l..(
. #l......... .. #
###..o..... ...#.
#.!.....# .....#
.#..<..# ......###
#.##...##
........###.........
.........@lo..........
..........l.#...........
........................
.........#...<..........
.........[..............
......!..#.##.....
............ .....
..###.##.### .....


You could see an iguana, an orc and a giant newt.

Vanquished Creatures
  4 adders
  A worm (D:2)
  2 giant geckos
  2 orcs
  7 bats
  3 giant cockroaches
  11 goblins
  5 hobgoblins
  3 jackals (D:1)
  3 giant newts
  6 kobolds
  5 rats
52 creatures vanquished.

Notes
Turn   | Place    | Note
--------------------------------------------------------------
     0 | D:1      | JudasIscariot the Vine Stalker Assassin began the quest for the Orb.
     0 | D:1      | Reached XP level 1. HP: 11/11 MP: 2/2
    63 | D:1      | Reached skill level 5 in Stealth
   118 | D:1      | Reached XP level 2. HP: 12/15 MP: 3/3
   614 | D:1      | Reached skill level 1 in Dodging
   614 | D:1      | Reached XP level 3. HP: 18/18 MP: 4/4
  1731 | D:3      | Reached XP level 4. HP: 23/23 MP: 5/5
  1952 | D:3      | Reached skill level 6 in Stealth
  2445 | D:4      | HP: 1/23 [iguana (7)]
  2447 | D:4      | Slain by an iguana

Action                   |  1- 3 |  4- 6 || total
-------------------------+-------+-------++-------
Melee: Dagger            |   111 |    47 ||   158
 Stab: Sleeping          |    10 |     1 ||    11
  Eat: Chunk             |     3 |     1 ||     4
